 Dungeon Crawl Stone Soup version 0.29.1-15-g9cfb28693d (webtiles) character file.

Game seed: 14704869181446907415

43 fleeber the Slasher (level 3, 0/28 HPs)
             Began as a Merfolk Gladiator on Mar 8, 2023.
             Frozen to death by an endoplasm (1 damage)
             ... on level 2 of the Dungeon.
             The game lasted 00:06:12 (1691 turns).

fleeber the Slasher (Merfolk Gladiator)             Turns: 1691, Time: 00:06:13

Health: 0/28       AC:  6    Str: 14    XL:     3   Next: 58%
Magic:  3/3        EV: 10    Int:  7    God:
Gold:   105        SH: 13    Dex: 17    Spells: 2/2 levels left

rFire   . . .      SeeInvis .   a - +0 long sword
rCold   . . .      Faith    .   k - +0 kite shield
rNeg    . . .      Spirit   .   q - +0 ring mail
rPois   .          Reflect  +   c - +0 helmet
rElec   .          Harm     .   (no cloak)
rCorr   .          Rampage  .   (no gloves)
Will    .....                   (no boots)
Stlth   +.........              m - amulet of reflection
HPRegen 0.09/turn               (no ring)
MPRegen 0.08/turn               (no ring)

@: no status effects
A: (nimble swimmer 2), mertail
a: no special abilities


You were on level 2 of the Dungeon.
You visited 1 branch of the dungeon, and saw 2 of its levels.

You collected 105 gold pieces.

Inventory:

Hand Weapons
 a - a +0 long sword (weapon)
Missiles
 b - 11 stones
 d - 3 throwing nets (quivered)
 e - a javelin
 i - 3 poisoned darts
Armour
 c - a +0 helmet (worn)
 k - a +0 kite shield (worn)
 q - a +0 ring mail (worn)
Jewellery
 m - an amulet of reflection (around neck)
 r - an amulet of regeneration
Scrolls
 f - a scroll of enchant armour {unknown}
 h - a scroll of summoning {unknown}
 l - a scroll of noise {unknown}
 n - 3 scrolls of identify {unknown}
 o - a scroll of torment {unknown}
 p - a scroll of magic mapping {unknown}
 s - a scroll of blinking {unknown}
 t - a scroll of teleportation {unknown}
 u - a scroll of vulnerability {unknown}
Potions
 g - 5 potions of curing {unknown}
 j - a potion of lignification {unknown}


   Skills:
 + Level 2.7 Fighting
 * Level 4.6 Long Blades
 - Level 2.0 Throwing
 + Level 4.4 Dodging
 + Level 0.3 Shields


You had 2 spell levels left.
You didn't know any spells.
Your spell library contained the following spells:

 Spells                   Type           Power      Damage    Failure   Level
 Passage of Golubria      Tloc           0%         N/A       100%        4
 Silence                  Hex/Air        0%         N/A       100%        5
 Lehudib's Crystal Spear  Conj/Erth      0%         10d2      100%        8


Dungeon Overview and Level Annotations

Branches:
Dungeon (2/15)

Altars:


Innate Abilities, Weirdness & Mutations

((You are very nimble when in or above water. (Stealth+, EV+, Speed+++)))
Your lower body shifts to a powerful aquatic tail in water.


Message History

You are frozen.
You hit the endoplasm.
You kill the endoplasm!
The endoplasm freezes you.
You are frozen.
The endoplasm freezes you.
You are frozen.
You hit the endoplasm.
The endoplasm is severely wounded.
The endoplasm freezes you.
You are frozen.
* * * LOW HITPOINT WARNING * * *
The endoplasm freezes you.
You are frozen.
* * * LOW HITPOINT WARNING * * *
You hit the endoplasm.
You kill the endoplasm!
An endoplasm comes into view.
The endoplasm quivers.
An endoplasm is nearby!
You see here a hobgoblin corpse.
You see here a quokka corpse.
You see here a rat corpse.
There is a stone staircase leading down here.
You are too injured to fight recklessly!
You are too injured to fight recklessly!
You are too injured to fight recklessly!
The endoplasm freezes you.
You are frozen.
* * * LOW HITPOINT WARNING * * *
You hit the endoplasm.
The endoplasm is lightly wounded.
You block the endoplasm's attack.
You barely miss the endoplasm. The endoplasm freezes you.
You are frozen.
* * * LOW HITPOINT WARNING * * *
The endoplasm freezes you.
You are frozen.
You die...

#..###..##....# ## ##.##
#.######## .# #..# ##.#
.###.####..# #####
.##..###..## #...#
.##.#....## #####...######
.##.#.#######............#
.##...# #.........######
.##.>######.#...@...#
...............J....#
....#########.......#
##..# ######.......#
#...####............#
.........####.......#
..###....###.....####
......##..##.#..##
.########....##..##


You could see an endoplasm.

Vanquished Creatures
  5 ball pythons
  A bat (D:1)
  8 endoplasms
  3 giant cockroaches (D:1)
  5 goblins
  3 hobgoblins
  4 kobolds
  A quokka (D:2)
  A frilled lizard (D:1)
  6 rats
37 creatures vanquished.

Vanquished Creatures (others)
  3 fungi (D:2)
  A plant (D:2)
4 creatures vanquished.

Grand Total: 41 creatures vanquished

Notes
Turn   | Place    | Note
-------+----------+-------------------------------------------
     0 | D:1      | fleeber the Merfolk Gladiator began the quest for the Orb.
     0 | D:1      | Reached XP level 1. HP: 16/16 MP: 1/1
   428 | D:1      | Reached XP level 2. HP: 18/23 MP: 2/2
  1229 | D:2      | Reached XP level 3. HP: 28/28 MP: 3/3
  1691 | D:2      | HP: 1/28 [frozen (1)]
  1691 | D:2      | Frozen to death by an endoplasm

Illustrated notes

Levels and vault maps discovered:
D:1:      minmay_arrival_five_plusses, layout_loops_corners
D:2:      layout_rooms, dreamdust_ecumenical_altar_grove

Skill      XL: |  1 |
---------------+----+-----
Long Blades    | 4 |  4.6
Fighting       | |  2.7
Throwing       | |  2.0
Dodging        | |  4.4
Shields        | |  0.3

Action                   || total
-------------------------++-------
Melee: Long sword        ||   102
 Stab: Sleeping          ||     2
Armor: Leather armour    ||    21
       Ring mail         ||     4
Dodge: Dodged            ||    37
Block: Kite shield       ||    48
